 Dungeon Crawl Stone Soup version 0.28-a0-706-gf6f64a616a (webtiles) character file.

Game seed: 18081158427669645752

1017 KoroneIsBestGirl the Nimble (level 8, -5/52 HPs)
             Began as a Barachi Ice Elementalist on Oct 24, 2021.
             Was an Initiate of Gozag.
             Slain by a black bear (8 damage)
             ... created by the rage of Trog
             ... on level 5 of the Dungeon.
             The game lasted 00:06:21 (8700 turns).

KoroneIsBestGirl the Nimble (BaIE)                  Turns: 8700, Time: 00:06:22

Health: -5/52      AC:  5    Str:  9    XL:     8   Next: 22%
Magic:  10/12      EV: 16    Int: 18    God:    Gozag
Gold:   93         SH:  0    Dex: 13    Spells: 9/13 levels left

rFire   . . .      SeeInvis +   s - +1 falchion (holy)
rCold   . . .      Faith    .   (no shield)
rNeg    . . .      Spirit   .   a - +0 robe
rPois   .          Reflect  .   (no helmet)
rElec   .          Harm     .   g - +1 cloak
rCorr   .          Rampage  .   (no gloves)
Will    .....                   r - +0 pair of boots
Stlth   ++........              p - amulet of regeneration
HPRegen 1.17/turn               h - ring of see invisible
MPRegen 0.13/turn               (no ring)

@: unable to hop, hasted and slowed, slow
A: amphibious, slowness 1, strong legs 1, +LOS
a: Hop, Renounce Religion, Potion Petition, Call Merchant, Bribe Branch


You were on level 5 of the Dungeon.
You worshipped Gozag.
Gozag was noncommittal.
You visited 2 branches of the dungeon, and saw 7 of its levels.

You collected 126 gold pieces.
You paid 33 gold pieces to Gozag.

Inventory:

Hand Weapons
 d - a +0 spear
 s - a +1 falchion of holy wrath (weapon)
Armour
 a - a +0 robe (worn)
 g - a +1 cloak (worn)
 r - a +0 pair of boots (worn)
Jewellery
 h - a ring of see invisible (left hand)
 p - an amulet of regeneration (around neck)
Wands
 q - a wand of paralysis (9)
Scrolls
 c - 8 scrolls of identify {unknown}
 e - 2 scrolls of teleportation {unknown}
 f - a scroll of immolation {unknown}
 i - a scroll of summoning {unknown}
 k - a scroll of amnesia {unknown}
 l - a scroll of magic mapping {unknown}
 m - a scroll of vulnerability {unknown}
 n - a scroll of enchant weapon {unknown}
Potions
 b - a potion of resistance {unknown}
 j - a potion of lignification {unknown}


   Skills:
 + Level 9.8 Dodging
 - Level 1.7 Stealth
 - Level 3.1 Spellcasting
 - Level 5.5 Ice Magic


You had 9 spell levels left.
You knew the following spells:

 Your Spells              Type           Power      Damage    Failure   Level
a - Freeze                Ice            88%        1d10      1%          1
b - Frozen Ramparts       Ice            44%        1d6       4%          3

Your spell library contained the following spells:

 Spells                   Type           Power      Damage    Failure   Level
 Ozocubu's Armour         Ice            22%        N/A       4%          3
 Hailstorm                Conj/Ice       12%        3d5       45%         4


Dungeon Overview and Level Annotations

Branches:
Dungeon (6/15)             Temple (1/1) D:4

Altars:
Cheibriados
Elyvilon
Gozag
Kikubaaqudgha
Okawaru
Qazlal
Ru
Sif Muna
Trog
Uskayaw
Wu Jian
Xom
Yredelemnul
The Shining One


Innate Abilities, Weirdness & Mutations

You are amphibious.
You cover ground slowly.
You can hop short distances.
You have an extended range of vision and can be seen from far away.


Message History

The polar bear claws you but does no damage.
The polar bear claws you.
The black bear rages.
The black bear bites you but does no damage.
The black bear claws you. The black bear misses you.
There is a stone staircase leading up, spattered with blood here.
The polar bear rages.
The polar bear barely misses you. x2; The polar bear claws you.
The black bear misses you. The black bear barely misses you. x2
The polar bear bites you. The polar bear claws you.
The polar bear claws you but does no damage.
The black bear bites you. The black bear completely misses you.
The black bear closely misses you.
You climb upwards.
The centaur zombie barely misses you.
The centaur zombie kicks you but does no damage.
The ice beast misses you. The centaur zombie closely misses you.
The centaur zombie kicks you but does no damage.
The ice beast hits you. The ice beast freezes you!
* * * LOW HITPOINT WARNING * * *
The centaur zombie hits you.
* * * LOW HITPOINT WARNING * * *
The centaur zombie closely misses you. The ice beast barely misses you.
There is a stone staircase leading down here.
Okay, then.
It was a potion of haste.
You feel yourself speed up. The polar bear completely misses you.
The polar bear claws you but does no damage.
The polar bear claws you.
* * * LOW HITPOINT WARNING * * *
The black bear barely misses you.
The black bear claws you but does no damage.
The black bear closely misses you.
The centaur zombie hits you but does no damage.
The centaur zombie closely misses you. The polar bear barely misses you.
The polar bear claws you.
* * * LOW HITPOINT WARNING * * *
The polar bear claws you but does no damage.
The black bear bites you!
You die...
Your body crumbles into a pile of gold.

### ####.. ..##.#
.####### #.##.#
........ #)##.#
########$..
######.##.##
...........
##...##.#...##
#######.#. #
##.###....#.#.#.####
#.#$ #.##.##
#....Z@h....... #.#.
#..<.#
#....Yh###.#### .Y..
#.##.# #.........
.... # #..#
#..##..#.#. ##.#.
#.#.............
#.#.
#.#######...#....
#.#. #.# ##....####
#.#. #.# #.##.# #.#
#.#


You could see a polar bear (berserk), a black bear (berserk), an ice beast and a
centaur zombie.

Vanquished Creatures
  Pikel (D:5)
  A black bear (D:6)
  2 ogres
  2 lemures (D:5)
  A howler monkey (D:4)
  A crimson imp (D:3)
  A hound (D:5)
  An orc wizard (D:4)
  8 adders
  4 gnolls (D:4)
  2 worms
  4 dart slugs
  3 orcs (D:4)
  4 ball pythons
  5 endoplasms
  5 giant cockroaches
  2 goblins
  9 hobgoblins
  4 jackals (D:4)
  A quokka (D:2)
  4 bats
  3 frilled lizards
  A goblin skeleton (D:3)
  4 hobgoblin zombies (D:3)
  4 kobolds
  A kobold skeleton (D:3)
  A kobold zombie (D:3)
  7 rats
86 creatures vanquished.

Notes
Turn   | Place    | Note
-------+----------+-------------------------------------------
     0 | D:1      | KoroneIsBestGirl the Barachi Ice Elementalist began the
                  | quest for the Orb.
     0 | D:1      | Reached XP level 1. HP: 13/13 MP: 3/3
   196 | D:1      | Reached skill level 5 in Ice Magic
   288 | D:1      | Reached XP level 2. HP: 19/19 MP: 1/5
  1516 | D:2      | Reached XP level 3. HP: 13/24 MP: 2/7
  1520 | D:2      | Learned a level 3 spell: Frozen Ramparts
  1703 | D:2      | Reached skill level 3 in Dodging
  1872 | D:2      | Reached XP level 4. HP: 26/30 MP: 5/8
  2372 | D:2      | Found a faded altar of an unknown god.
  2520 | D:2      | Prayed at the altar of an unknown god.
  2520 | D:2      | Became a worshipper of Trog the Wrathful
  2520 | D:2      | Reached * piety under Trog
  2769 | D:3      | Found a glowing golden altar of the Shining One.
  2822 | D:3      | Reached skill level 4 in Dodging
  2822 | D:3      | Reached XP level 5. HP: 4/35 MP: 9/9
  3771 | D:3      | Found an ornate altar of the Wu Jian Council.
  4104 | D:3      | Found a sacrificial altar of Ru.
  4503 | D:4      | Found a shimmering altar of Xom.
  4912 | D:4      | Reached skill level 5 in Dodging
  5105 | D:3      | Reached XP level 6. HP: 21/41 MP: 10/10
  5570 | D:4      | Reached skill level 6 in Dodging
  5614 | D:4      | Reached ** piety under Trog
  5620 | D:4      | Found a staircase to the Ecumenical Temple.
  5642 | Temple   | Entered the Ecumenical Temple
  5756 | Temple   | Fell from the grace of Trog
  5756 | Temple   | Became a worshipper of Gozag Ym Sagoz the Greedy
  8422 | D:5      | Entered Level 5 of the Dungeon
  8435 | D:5      | Noticed Pikel
  8449 | D:5      | Killed Pikel
  8450 | D:5      | Reached skill level 8 in Dodging
  8450 | D:5      | Reached XP level 7. HP: 26/46 MP: 5/11
  8553 | D:5      | Reached skill level 9 in Dodging
  8553 | D:5      | Reached XP level 8. HP: 52/52 MP: 3/12
  8695 | D:6      | Noticed a polar bear
  8695 | D:6      | Noticed a polar bear
  8695 | D:6      | Noticed a polar bear
  8700 | D:5      | Slain by a black bear

Illustrated notes

Levels and vault maps discovered:
D:1:      doesnt_arrival_eight_statues, layout_loops_ring, serial_glass,
          glass_columns_a, glass_columns_b, dk_noncrumbling_3, feat_on_display
D:2:      layout_basic, dreamdust_ecumenical_altar_angels_and_demons,
          serial_park_tiny_2, minmay_misc_feat_cross
D:3:      layout_basic, lemuel_doored_altar, nicolae_tso_besieged_by_evil,
          nicolae_ru_path_of_blood, minmay_misc_feat_enclosed
D:4:      layout_gridville, kennysheep_mini, minmay_temple_entry_nine_rooms,
          nicolae_zen_rock_garden, chequers_serial_rivers_micro_e
D:5:      layout_loops_ring, lemuel_crystal_altar, st_stairs_6, feat_on_display,
          uniq_pikel, uniq_prince_ribbit1
D:6:      layout_cave_pools, mainiacjoe_overflow_chevrons, zin_treasury,
          uniq_crazy_yiuf_cottage, uniq_maggie
Temple:   nicolae_temple_figure_zero

Skill      XL: |  1  2  3  4  5  6  7 |
---------------+----------------------+-----
Ice Magic      | 5 |  5.5
Dodging        | 3 4 5 8 9 |  9.8
Spellcasting   | 3 |  3.1
Stealth        | |  1.7

Action                   |  1- 3 |  4- 6 |  7- 9 || total
-------------------------+-------+-------+-------++-------
Melee: Unarmed           |     4 |       |       ||     4
       Spear             |    80 |   282 |       ||   362
       Falchion          |       |     1 |     1 ||     2
 Cast: Freeze            |    26 |     2 |    13 ||    41
       Frozen Ramparts   |       |     2 |     3 ||     5
Invok: Berserk           |       |     7 |       ||     7
 Abil: Hop               |       |       |     2 ||     2
  Use: Potion            |       |       |     1 ||     1
 Stab: Sleeping          |     6 |     6 |       ||    12
Armor: Robe              |    10 |    74 |    13 ||    97
Dodge: Dodged            |    49 |   203 |    32 ||   284

Table legend: (Time is in decaauts)
 A = Elapsed time spent in this place.
 B = Non-inter-level travel time spent in this place.
 C = Inter-level travel time spent in this place.
 D = Time resting spent in this place.
 E = Time spent auto-exploring this place.
 F = Levels seen in this place.
 G = Mean time per level.
                   A        B        C        D        E       F      G
               +--------+--------+--------+--------+--------+-----+--------+
         Total |   9348 |   9073 |    275 |   3930 |   4187 |   7 | 1335.4 |
       Dungeon |   9201 |   8940 |    261 |   3930 |   4057 |   6 | 1533.5 |
        Temple |    147 |    133 |     14 |      0 |    130 |   1 |  147.0 |
               +--------+--------+--------+--------+--------+-----+--------+

Top non-repeatable levels by time:
     D:4: 3510 daAuts
     D:3: 2491 daAuts
     D:2: 1693 daAuts
     D:1: 1262 daAuts
  Temple: 147 daAuts
     D:6: 139 daAuts
     D:5: 104 daAuts
